 Dungeon Crawl Stone Soup version 0.31-a0-640-g39d97e502b (webtiles) character file.

Game seed: 9531967533706251941

129007 HoaS the Marksdemigod (level 16, 0/146 HPs)
             Began as a Demigod Hunter on Aug 27, 2023.
             Slain by a starcursed mass (8 damage)
             ... while paralysed by accursed screaming
             ... on level 3 of the Abyss.
             The game lasted 01:08:07 (23609 turns).

HoaS the Marksdemigod (Demigod Hunter)             Turns: 23609, Time: 01:08:08

Health: 0/146      AC: 13    Str: 12    XL:     16   Next: 2%
Magic:  19/19      EV:  2    Int: 11    God:
Gold:   434        SH:  0    Dex: 60    Spells: 15/15 levels left

rFire   . . .        j - +1 longbow (heavy)
rCold   . . .        (shield currently unavailable)
rNeg    . . .        m - +1 steam dragon scales
rPois   .            t - +0 helmet
rElec   .            p - +2 cloak {Stlth+}
rCorr   .            M - +1 pair of gloves {Dex+3}
SInv    .            N - +0 pair of boots
Will    +....        d - amulet "Onyoj" {Acrobat Dex+8}
Stlth   +++++        y - +6 ring of dexterity
HPRegen 0.44/turn    D - +6 ring of dexterity
MPRegen 0.16/turn

%: acrobat
@: paralysed, studying 3 skills
A: high MP 1, forlorn, divine attributes
a: no special abilities


You were on level 3 of the Abyss.
You visited 4 branches of the dungeon, and saw 24 of its levels.
You visited the Abyss 1 time.
You also visited: Ossuary.

You collected 2267 gold pieces.
You spent 1833 gold pieces at shops.

Inventory:

Hand Weapons
 j - a +1 heavy longbow (weapon)
Armour
 m - +1 steam dragon scales (worn)
 p - a +2 cloak of stealth (worn)
 t - a +0 helmet (worn)
 M - a +1 pair of gloves of dexterity (worn)
 N - a +0 pair of boots (worn)
Jewellery
 c - a ring of ice
 d - the amulet "Onyoj" (around neck) {Acrobat Dex+8}
   (You acquired it on level 2 of the Dungeon)

   [amulet of the acrobat]

   Acrobat:   It increases your evasion while moving and waiting.
   Dex+8:     It affects your dexterity (+8).
 h - a ring of see invisible
 r - a ring of flight
 y - a +6 ring of dexterity (left hand)
 C - a ring of protection from fire
 D - a +6 ring of dexterity (right hand)
 J - a ring of resist corrosion
Wands
 i - a wand of roots (4)
 s - a wand of flame (18)
 v - a wand of charming (7)
 E - a wand of mindburst (13)
 G - a wand of polymorph (9)
Scrolls
 b - 3 scrolls of butterflies
 f - 8 scrolls of teleportation
 n - 6 scrolls of poison
 o - 3 scrolls of fear
 u - 3 scrolls of immolation
 A - 2 scrolls of vulnerability
 F - 2 scrolls of fog
 H - a scroll of brand weapon
Potions
 e - 6 potions of curing
 g - 2 potions of enlightenment
 k - 3 potions of ambrosia
 l - 2 potions of lignification
 q - 2 potions of resistance
 w - 2 potions of mutation
 x - 6 potions of haste
 z - 3 potions of invisibility
 B - a potion of cancellation
 I - 4 potions of attraction
 K - 3 potions of heal wounds


   Skills:
 + Level 14.0 Fighting
 - Level 20.0 Ranged Weapons
 + Level 14.0 Dodging
 - Level 0.8 Stealth


You had 15 spell levels left.
You didn't know any spells.
Your spell library contained the following spells:

 Spells                   Type           Power      Damage    Failure   Level
 Kiss of Death            Conj/Necr      0%         2d5       34%         1
 Sting                    Tmut/Pois      0%         1d3       34%         1
 Lesser Beckoning         Tloc           0%         N/A       47%         2
 Poisonous Vapours        Pois/Air       0%         N/A       47%         2
 Sublimation of Blood     Necr           0%         N/A       47%         2
 Wereblood                Tmut           0%         N/A       47%         2
 Confusing Touch          Hex            0%         N/A       71%         3
 Gell's Gravitas          Tloc           0%         N/A       71%         3
 Ignite Poison            Fire/Tmut/Pois 0%         N/A       71%         3
 Ozocubu's Armour         Ice            0%         N/A       71%         3
 Stone Arrow              Conj/Erth      0%         3d7       71%         3
 Teleport Other           Tloc           0%         N/A       71%         3
 Tukima's Dance           Hex            0%         N/A       71%         3
 Animate Armour           Summ/Erth      0%         N/A       98%         4
 Animate Dead             Necr           0%         N/A       98%         4
 Dispel Undead            Necr           0%         3d6       98%         4
 Olgreb's Toxic Radiance  Pois           0%         N/A       98%         4
 Passage of Golubria      Tloc           0%         N/A       98%         4
 Sticky Flame             Conj/Fire      0%         2d3       98%         4
 Vhi's Electric Charge    Tloc/Air       0%         N/A       98%         4
 Arcjolt                  Conj/Air       0%         1d10      100%        5
 Borgnjor's Vile Clutch   Necr/Erth      0%         N/A       100%        5
 Irradiate                Conj/Tmut      0%         3d11      100%        5
 Metabolic Englaciation   Hex/Ice        0%         N/A       100%        5
 Summon Forest            Summ/Tloc      0%         N/A       100%        5
 Yara's Violent Unravell  Hex/Tmut       0%         3d3       100%        5
 Conjure Ball Lightning   Conj/Air       0%         3x3d6     100%        6
 Death Channel            Necr           0%         N/A       100%        6
 Eringya's Noxious Bog    Tmut/Pois      0%         4d6       100%        6
 Plasma Beam              Fire/Air       0%         2x1d10    100%        6
 Simulacrum               Ice/Necr       0%         N/A       100%        6
 Malign Gateway           Summ/Tloc      0%         N/A       100%        7
 Summon Hydra             Summ           0%         N/A       100%        7
 Discord                  Hex            0%         N/A       100%        8
 Disjunction              Tloc           0%         N/A       100%        8
 Ignition                 Fire           0%         3d3       100%        8
 Lehudib's Crystal Spear  Conj/Erth      0%         10d2      100%        8
 Summon Horrible Things   Summ           0%         N/A       100%        8


Dungeon Overview and Level Annotations

Branches:
Dungeon (15/15)            Temple (0/1) D:7            Lair (5/5) D:8
  Swamp (0/4) Lair:3       Spider (2/4) Lair:2        Slime (0/5) Lair:4
    Orc (2/2) D:12            Elf (0/3) Orc:2        Vaults (0/5) D:13
 Depths (0/4) D:15        Ossuary (visited)

Shops:
D:2 *   D:4 !   D:8 :=   D:10 [=(   Orc:1 *   Orc:2 ([[*

Portals:
Trove: D:10 (give +6 demon whip)

Annotations:
D:8 2 transporters, 1 runed translucent door, Sapher's ghost, amateur SpDe
Spider:2 Louise


Innate Abilities, Weirdness & Mutations

You have an increased reservoir of magic. (+10% MP)
You shall have no god before yourself.
Your divine heritage dramatically boosts your attributes as you level up.


Message History

The starcursed mass misses you.
A cacophony of accursed wailing tears at your sanity!
* * * LOW HITPOINT WARNING * * *
You suddenly lose the ability to move!
The starcursed mass touches you but does no damage.
The starcursed mass touches you.
* * * LOW HITPOINT WARNING * * *
The starcursed mass barely misses you.
The starcursed mass touches you but does no damage. x3
You can move again.
You clumsily bash the starcursed mass but do no damage.
A starcursed mass splits.
The starcursed mass completely misses you. x2
A smoke demon comes into view.
The starcursed mass completely misses you.
The starcursed mass closely misses you.
The starcursed mass completely misses you.
A cacophony of accursed wailing tears at your sanity!
* * * LOW HITPOINT WARNING * * *
You shrug off the repeated paralysis!
The starcursed mass completely misses you.
You clumsily bash the starcursed mass but do no damage.
The starcursed mass touches you but does no damage.
The starcursed mass completely misses you.
The starcursed mass misses you.
The starcursed mass completely misses you.
The starcursed mass misses you. The starcursed mass touches you!
* * * LOW HITPOINT WARNING * * *
The starcursed mass closely misses you.
You clumsily bash the starcursed mass but do no damage.
You feel less invigorated.
You feel less confused.
A cacophony of accursed wailing tears at your sanity!
* * * LOW HITPOINT WARNING * * *
You suddenly lose the ability to move!
The starcursed mass touches you!
* * * LOW HITPOINT WARNING * * *
The starcursed mass barely misses you. x2
The starcursed mass touches you but does no damage.
A starcursed mass splits.
The starcursed mass touches you!
You die...

.. #........
.##........
#..........
#..........
.......... ..
XXX..3... .. . ###
#XXX...# ... ##
##@XX...## ### #
##.XXX..... # ....
##...4...... .....
............... . .
# ................
#............... .
. ##............. #
.....##..##......##
# . #.##. . . . # #


You could see 11 starcursed masses, a smoke demon and a chaos spawn.

Vanquished Creatures
  Nikola (Spider:1)
  Jorgrun (D:15)
  Kirke (Spider:1)
  An emperor scorpion (Spider:1)
  A juggernaut zombie (D:15)
  An orc warlord (Orc:2)
  4 dire elephants (Lair:5)
  A great orb of eyes (Abyss:3)
  2 entropy weavers
  An ettin (D:12)
  8 hydras
  Erolcha (D:10)
  A sphinx zombie (D:15)
  A catoblepas (Lair:3)
  10 centaur warriors
  A radroach (Spider:1)
  An ogre mage (D:15)
  6 boulder beetles
  9 death yaks (Lair:5)
  8 two-headed ogres
  4 tengu warriors
  5 thrashing horrors (Abyss:3)
  2 demonic crawlers
  Sonja (Lair:2)
  A vampire mage (D:15)
  A deep elf knight (D:13)
  2 skysharks (Lair:4)
  3 skeletal warriors
  A spectral death yak (Lair:5)
  A sun moth (Spider:2)
  A steelbarb worm (Spider:1)
  An orb spider (Spider:1)
  Pikel (D:3)
  4 orc knights
  A deep elf zephyrmancer (D:13)
  An obsidian statue (Lair:5)
  A phantasmal warrior (Abyss:3)
  5 deep elf pyromancers
  5 necromancers
  5 wolf spiders
  5 orc sorcerers
  7 ugly things
  A frost giant zombie (D:15)
  An oklob plant (Lair:4)
  4 manticores
  6 cyclopes
  A moth of wrath (Spider:2)
  15 elephants (Lair:5)
  Joseph (D:7)
  2 black mambas
  3 torpor snails
  3 gargoyles
  10 cane toads
  An unseen horror (D:10)
  4 centaur skeletons (D:13)
  10 komodo dragons
  Maggie (D:7)
  3 kobold demonologists
  6 trolls
  4 tengu conjurers
  9 meliai
  A hornet (D:9)
  2 polar bears
  9 tarantellas
  A burning bush (Lair:3)
  Grinder (D:5)
  Prince Ribbit (D:6)
  10 blink frogs
  11 dream sheep (Lair:3)
  A spectral elephant (Lair:5)
  4 large abominations (Abyss:3)
  6 slime creatures
  9 jumping spiders
  2 vampires
  3 shadows
  A water elemental (D:12)
  5 basilisks
  4 culicivoras
  7 fire bats
  7 wraiths
  26 yaks
  10 wyverns
  3 hogs (Spider:1)
  4 steam dragons
  3 death yak simulacra (Lair:5)
  14 redbacks
  2 wargs
  3 vampire mosquitoes
  A glowing shapeshifter zombie (D:15)
  5 swamp worms (Lair:3)
  16 water moccasins
  Duvessa (D:5)
  38 orc warriors
  A sky beast (D:6)
  2 elephant zombies (Lair:5)
  2 black bears (D:5)
  8 wolves
  12 ogres
  9 centaurs
  An elephant skeleton (Lair:5)
  8 starcursed masses (Abyss:3)
  A lemure (D:4)
  2 phantoms
  6 kobold brigands
  10 bullfrogs
  3 elf zombies (Ossuary)
  3 small abominations (Abyss:3)
  A gnoll sergeant (D:9)
  5 scorpions
  A cane toad simulacrum (Lair:5)
  Dowan (D:5)
  3 elephant simulacra (Lair:5)
  10 killer bees
  2 electric eels (Lair:5)
  5 howler monkeys
  A centaur zombie (Ossuary)
  4 jellies
  A quasit (Abyss:3)
  6 gnoll boudas
  3 hounds (D:6)
  21 orc priests
  2 sleepcaps (D:6)
  6 iguanas
  20 orc wizards
  2 mummies (Ossuary)
  23 gnolls
  14 adders
  3 shadow imps
  3 white imps
  2 ufetubi
  3 adder zombies (Ossuary)
  2 worms
  3 dart slugs
  87 orcs
  9 bats
  6 endoplasms
  2 giant cockroaches
  7 hobgoblins
  12 jackals
  A quokka (D:5)
  7 ball pythons
  9 frilled lizards
  8 goblins
  2 goblin zombies (D:7)
  12 hobgoblin zombies (Ossuary)
  A jackal zombie (Ossuary)
  8 kobolds
  10 kobold zombies (Ossuary)
  6 orc zombies (Ossuary)
  5 rats
  A rat zombie (Ossuary)
822 creatures vanquished.

Vanquished Creatures (others)
  A spectral anaconda (Lair:5)
  A quokka (D:10)
2 creatures vanquished.

Grand Total: 824 creatures vanquished

Notes
Turn   | Place    | Note
-------+----------+-------------------------------------------
     0 | D:1      | HoaS the Demigod Hunter began the quest for the Orb.
     0 | D:1      | Reached XP level 1. HP: 17/17 MP: 3/3
   128 | D:1      | Reached skill level 4 in Ranged Weapons
   153 | D:1      | Reached XP level 2. HP: 24/24 MP: 4/4
   980 | D:2      | Reached XP level 3. HP: 29/29 MP: 5/5
  1003 | D:2      | Found Wowkih's Assorted Antiques.
  1011 | D:2      | Identified a scroll of acquirement
  1011 | D:2      | Acquired the amulet "Onyoj" {Acrobat Dex+8}
  1066 | D:2      | Identified the +5 hand axe "Yrid" {elec, Str+3}
  1116 | D:2      | Noticed an ogre
  1120 | D:2      | Killed an ogre
  1121 | D:2      | Reached skill level 5 in Ranged Weapons
  1121 | D:2      | Reached XP level 4. HP: 36/36 MP: 6/6
  1198 | D:2      | Reached skill level 6 in Ranged Weapons
  1199 | D:2      | Reached XP level 5. HP: 41/41 MP: 7/7
  2428 | D:2      | Bought a glowing cloak for 157 gold pieces
  2573 | D:4      | Noticed Pikel
  2579 | D:3      | Killed Pikel
  2580 | D:3      | Reached skill level 8 in Ranged Weapons
  2580 | D:3      | Reached XP level 6. HP: 29/48 MP: 8/8
  2580 | D:3      | Reached XP level 7. HP: 32/53 MP: 9/9
  3081 | D:4      | Reached skill level 9 in Ranged Weapons
  3103 | D:4      | Found Gieg's Distillery.
  3109 | D:4      | Bought a potion of heal wounds for 65 gold pieces
  3285 | D:5      | Entered Level 5 of the Dungeon
  3620 | D:5      | Reached XP level 8. HP: 60/60 MP: 10/10
  3625 | D:5      | Reached skill level 10 in Ranged Weapons
  3643 | D:5      | Noticed Grinder
  3650 | D:5      | Killed Grinder
  3700 | D:5      | Reached skill level 11 in Ranged Weapons
  3889 | D:5      | Noticed Duvessa
  3890 | D:5      | Noticed Dowan
  3899 | D:5      | Killed Duvessa
  3908 | D:5      | Killed Dowan
  4411 | D:6      | Noticed Prince Ribbit
  4422 | D:6      | Killed Prince Ribbit
  4468 | D:6      | Noticed a cyclops
  4479 | D:6      | Reached XP level 9. HP: 44/67 MP: 11/11
  4484 | D:6      | Reached skill level 12 in Ranged Weapons
  4642 | D:6      | Killed a cyclops
  5294 | D:7      | Reached skill level 13 in Ranged Weapons
  5457 | D:7      | Noticed Joseph
  5465 | D:7      | Killed Joseph
  5702 | D:7      | Noticed Maggie
  5704 | D:7      | Killed Maggie
  5776 | D:7      | Found a staircase to the Ecumenical Temple.
  5799 | D:7      | Found a sand-covered staircase.
  5806 | Ossuary  | Entered an ossuary
  6041 | Ossuary  | Reached skill level 14 in Ranged Weapons
  6056 | Ossuary  | Reached XP level 10. HP: 72/73 MP: 13/13
  6682 | D:8      | Found Nimuawn's Jewellery Shoppe.
  6683 | D:8      | Found Fekeral's Self-Improvement Boutique.
  6842 | D:8      | Found a transporter.
  6851 | D:8      | Noticed a manticore
  7024 | D:8      | Found a runed translucent door.
  7039 | D:8      | Identified the ring of the Lotus Blossom {rElec rC- Will+
                  | SInv}
  7099 | D:8      | Noticed a +2 trident of chaos
  7099 | D:8      | Noticed Sapher's ghost (amateur SpDe)
  7103 | D:8      | Found a transporter.
  7105 | D:8      | Found the +9 sword of Zonguldrok {reap}
  7375 | D:8      | Found a staircase to the Lair.
  7750 | D:8      | Noticed an ettin
  7766 | D:8      | Noticed a stone giant
  7863 | D:9      | Noticed a centaur warrior
  8061 | D:9      | Killed a centaur warrior
  8061 | D:9      | Noticed a two-headed ogre
  8062 | D:9      | Reached skill level 15 in Ranged Weapons
  8063 | D:9      | Killed a two-headed ogre
  8399 | D:9      | Reached skill level 16 in Ranged Weapons
  8737 | D:9      | Reached XP level 11. HP: 79/79 MP: 14/14
  9196 | D:9      | Identified the +2 longbow of the Original Sin {elec, rF+
                  | rN+ Dex+6}
  9207 | D:9      | Identified the +8 dagger "Bingo" {antimagic, Str+2 Int+2}
  9223 | D:9      | Noticed a boulder beetle
  9224 | D:9      | Noticed a centaur warrior
  9226 | D:9      | Killed a centaur warrior
  9228 | D:9      | Killed a boulder beetle
  9229 | D:9      | Reached skill level 17 in Ranged Weapons
  9515 | Lair:1   | Entered Level 1 of the Lair of Beasts
  9832 | Lair:1   | Noticed an eight-headed hydra
  9835 | Lair:1   | Killed an eight-headed hydra
  9976 | Lair:1   | Reached skill level 18 in Ranged Weapons
  9998 | Lair:1   | Found the +8 whip "Snakebite" {venom, curare, rPois}
 10311 | D:8      | Bought a +6 ring of dexterity for 396 gold pieces
 10386 | Lair:2   | Noticed Sonja
 10390 | Lair:2   | Killed Sonja
 10498 | Lair:2   | Noticed a four-headed hydra
 10501 | Lair:2   | Killed a four-headed hydra
 10562 | Lair:2   | Reached XP level 12. HP: 85/85 MP: 15/15
 10567 | Lair:2   | Noticed an eight-headed hydra
 10572 | Lair:2   | Killed an eight-headed hydra
 10618 | Lair:2   | Found a hole to the Spider Nest.
 11190 | Lair:3   | Reached skill level 19 in Ranged Weapons
 11207 | Lair:3   | Noticed a five-headed hydra
 11210 | Lair:3   | Killed a five-headed hydra
 11355 | Lair:3   | Noticed a catoblepas
 11357 | Lair:3   | Killed a catoblepas
 11589 | Lair:3   | Reached skill level 20 in Ranged Weapons
 11940 | Lair:3   | Noticed a six-headed hydra
 11940 | Lair:3   | Noticed an eight-headed hydra
 11946 | Lair:3   | Killed an eight-headed hydra
 11951 | Lair:3   | Killed a six-headed hydra
 12135 | Lair:3   | Found a staircase to the Swamp.
 12348 | D:8      | Noticed an emperor scorpion
 12357 | D:8      | an emperor scorpion changed into a death yak
 12486 | Lair:4   | Noticed an eight-headed hydra
 12488 | Lair:4   | Killed an eight-headed hydra
 12543 | Lair:4   | Reached XP level 13. HP: 57/99 MP: 16/16
 13047 | Lair:4   | Found a staircase to the Slime Pits.
 13131 | Lair:4   | Reached skill level 5 in Fighting
 13131 | Lair:4   | Reached skill level 5 in Dodging
 13454 | Lair:5   | Entered Level 5 of the Lair of Beasts
 14059 | Lair:5   | Noticed a dire elephant
 14059 | Lair:5   | Noticed a dire elephant
 14076 | Lair:5   | Noticed a dire elephant
 14089 | Lair:5   | Noticed a dire elephant
 14101 | Lair:5   | Killed a dire elephant
 14172 | Lair:5   | Killed a dire elephant
 14176 | Lair:5   | Killed a dire elephant
 14188 | Lair:5   | HP: 1/106 [dire elephant (16)]
 14954 | Lair:5   | Killed a dire elephant
 15544 | D:10     | Entered Level 10 of the Dungeon
 15557 | D:9      | Reached XP level 14. HP: 116/116 MP: 17/17
 15638 | D:10     | Noticed Erolcha
 15644 | D:10     | Killed Erolcha
 15737 | D:10     | Found Tuoge's Weapon Boutique.
 15747 | D:10     | Found Pasiamn's Jewellery Shoppe.
 16146 | D:10     | Found Dabumy's Antique Armour Shoppe.
 16353 | D:10     | Found a portal to a secret trove of treasure.
 16981 | D:12     | Reached skill level 10 in Fighting
 16981 | D:12     | Reached skill level 10 in Dodging
 17046 | D:12     | Found a staircase to the Orcish Mines.
 17706 | Orc:1    | Entered Level 1 of the Orcish Mines
 18233 | Orc:1    | Found Velopho's General Store.
 18296 | Orc:2    | Entered Level 2 of the Orcish Mines
 18349 | Orc:2    | Found a staircase to the Elven Halls.
 18570 | D:8      | Bought a manual of Ranged Weapons for 960 gold pieces
 18922 | Orc:2    | Noticed an orc warlord
 18927 | Orc:2    | Killed an orc warlord
 18945 | Orc:2    | Found Focle's Antique Weapon Shop.
 18948 | Orc:2    | Found Afefalom's Antique Armour Boutique.
 19137 | Orc:2    | Found Wuak's Assorted Antiques.
 19206 | Orc:2    | Found Asepeiru's Antique Armour Shoppe.
 19493 | D:13     | Identified the scarf "Bypasar" {repulsion, Rampage Will+}
 19793 | D:13     | Found a gate to the Vaults.
 20233 | D:13     | Reached XP level 15. HP: 130/130 MP: 18/18
 20383 | Orc:2    | Bought a pair of glowing gloves for 255 gold pieces
 21073 | D:15     | Entered Level 15 of the Dungeon
 21239 | D:15     | Found a staircase to the Depths.
 21245 | D:15     | Identified the +6 scimitar of Qaargh {protect, Fragile
                  | Str+9 Int-5}
 21583 | D:15     | Noticed Jorgrun
 21587 | D:15     | Killed Jorgrun
 22075 | Spider:1 | Entered Level 1 of the Spider Nest
 22236 | Spider:1 | Noticed Kirke
 22243 | Spider:1 | Killed Kirke
 22393 | Spider:1 | Noticed Nikola
 22407 | Spider:1 | Killed Nikola
 23396 | Spider:2 | Noticed Louise
 23401 | Abyss:3  | Cast into level 3 of the Abyss (Louise)
 23595 | Abyss:3  | Reached XP level 16. HP: 130/146 MP: 19/19
 23601 | Abyss:3  | Paralysed by accursed screaming for 2 turns
 23605 | Abyss:3  | Paralysed by accursed screaming for 2 turns
 23609 | Abyss:3  | Paralysed by accursed screaming for 2 turns
 23609 | Abyss:3  | Slain by a starcursed mass

Illustrated notes

Levels and vault maps discovered:
D:1:      ncdulo_lavacross, layout_basic,
          chequers_ecumenical_altar_simple_redux, minmay_pentomino_r2
D:2:      layout_rooms, serial_shops, shop, grunt_decor_clamped
D:3:      kennysheep_big_flooded_room, layout_loops_ring
D:4:      layout_cave_pools, serial_shops, shop, uniq_pikel
D:5:      layout_cave_pools, minmay_checkerbox, uniq_grinder, uniq_duvessa
D:6:      layout_loops_cross, nrook_mini_backslash,
          chequers_serial_rivers_small_a, minmay_manual_mess,
          uniq_prince_ribbit1
D:7:      layout_basic, minmay_temple_entry_mist, enter_ossuary_4,
          eino_small_chamber_without_monster, uniq_joseph, uniq_maggie
D:8:      gammafunk_sealed_arena, layout_layer_cave,
          amethyst_overflow_temple_binary, grunt_lair_entry_orc_guard_hut,
          serial_shops, shop, ebering_ghost_xom, nicolae_shop_self_help
D:9:      minmay_the_grid_net [minmay_the_grid_aliased_spiral,
          minmay_the_grid_doors, minmay_the_grid_eight, minmay_the_grid_slots,
          minmay_the_grid_medium_cups,
          minmay_the_grid_prize_four_corners_diamond_a], layout_irregular_city
D:10:     minmay_chambers_of_sevens, layout_cave_pools, elyvilon_altar_4,
          serial_shops, nicolae_shop_rolling_square, nicolae_shop_gaudy_bauble,
          shop, nicolae_trove_entry_diagonal, minmay_lizard_king, uniq_erolcha
D:11:     layout_rooms, library_closet
D:12:     layout_basic, grunt_ministairs_4, kennysheep_potato
D:13:     layout_irregular_city, hangedman_vaults_entry_quadrant_bands
D:14:     layout_cave_pools
D:15:     gammafunk_depths_entry_grave, layout_loops_ring,
          nicolae_concentric_dashed_squares_wild, uniq_jorgrun
Lair:1:   minmay_guarded_unrand_snakebite, layout_regular_city
Lair:2:   layout_gridlike, hellmonk_spider_entry_not_the_bees, uniq_sonja
Lair:3:   layout_roguey, palyth_hydra_swamp_entry, evilmike_ambush
          [evilmike_ambush_outer_pillars, evilmike_ambush_inner_basic]
Lair:4:   layout_small_grid, minmay_slime_entry_oklob_enclosed, basic_altar,
          lemuel_fruit_tree
Lair:5:   due_jungle_book, layout_misc_corridors, nicolae_volcano_entry_batcave,
          chequers_serial_rivers_large_b, serial_bayou_shore_a
Spider:1: layout_spider_delve, uniq_kirke, uniq_nikola
Spider:2: layout_spider_delve, uniq_arachne, uniq_louise
Orc:1:    layout_caves, basic_altar, serial_shops,
          nicolae_shop_pleasant_corner_grove, rock_pile
Orc:2:    grunt_orc_community_town_hall, layout_diamond_mine,
          grunt_orc_community_big_house_1, grunt_orc_community_big_house_1,
          grunt_orc_community_house_1, grunt_orc_community_house_3,
          grunt_orc_community_house_1, grunt_orc_community_house_2,
          grunt_orc_community_house_1, grunt_orc_community_house_1
Abyss:3:  base: Orc:1, base: Orc:1, abyss_furniture_001

Skill      XL: |  1  2  3  4  5  6  7  8  9 10 11 12 13 14 15 |
---------------+----------------------------------------------+-----
Ranged Weapons | 4 5 6 8 9 11 14 16 18 20 | 20.0
Fighting       | 4 8 11 14 | 14.0
Dodging        | 4 8 11 14 | 14.0
Stealth        | |  0.8

Action                     |  1- 3 |  4- 6 |  7- 9 | 10-12 | 13-15 | 16-18 || total
---------------------------+-------+-------+-------+-------+-------+-------++-------
  Melee: Longbow           |       |       |       |       |       |     3 ||     3
   Fire: Shortbow          |    21 |       |       |       |       |       ||    21
         Longbow           |    36 |    72 |   231 |   391 |   920 |     9 ||  1659
    Use: Scroll            |     8 |     3 |     9 |     7 |     7 |       ||    34
         Potion            |       |       |     2 |       |     5 |     1 ||     8
 Armour: Leather armour    |       |    13 |    38 |       |       |       ||    51
         Steam dragon scal |       |       |    14 |    43 |    44 |    11 ||   112
  Dodge: Dodged            |    10 |    34 |   107 |    96 |   448 |    36 ||   731

Table legend: (Time is in decaauts)
 A = Elapsed time spent in this place.
 B = Non-inter-level travel time spent in this place.
 C = Inter-level travel time spent in this place.
 D = Time resting spent in this place.
 E = Time spent auto-exploring this place.
 F = Levels seen in this place.
 G = Mean time per level.
                   A        B        C        D        E       F      G
               +--------+--------+--------+--------+--------+-----+--------+
         Total |  24114 |  22123 |   1991 |   5024 |  13621 |  26 |  927.5 |
       Dungeon |  14839 |  13581 |   1258 |   3227 |   8410 |  15 |  989.3 |
          Lair |   6032 |   5518 |    514 |   1140 |   3589 |   5 | 1206.4 |
   Spider Nest |   1326 |   1296 |     30 |    487 |    585 |   2 |  663.0 |
  Orcish Mines |   1325 |   1137 |    188 |     72 |    775 |   2 |  662.5 |
         Abyss |    211 |    211 |      0 |      0 |    138 |   1 |  211.0 |
       Ossuary |    378 |    378 |      0 |     97 |    124 |   1 |  378.0 |
               +--------+--------+--------+--------+--------+-----+--------+

Top non-repeatable levels by time:
  Lair:5: 2011 daAuts
     D:8: 1648 daAuts
     D:9: 1530 daAuts
Spider:1: 1216 daAuts
  Lair:3: 1204 daAuts
    D:12: 1156 daAuts
     D:5: 1107 daAuts
     D:7: 1070 daAuts
    D:13: 1063 daAuts
  Lair:4: 1002 daAuts
     D:6: 986 daAuts
    D:10: 962 daAuts
     D:3: 958 daAuts
     D:1: 935 daAuts
  Lair:1: 923 daAuts
